 Dungeon Crawl Stone Soup version 0.20.1-1-g8b1a95d66d (webtiles) character file.

10574 Pixllover the Bludgeoner (level 11, 0/100 HPs)
             Began as a Minotaur Berserker on Dec 13, 2017.
             Was a High Priest of Trog.
             Slain by a yak (5 damage)
             ... on level 11 of the Dungeon.
             The game lasted 00:42:07 (10778 turns).

Pixllover the Bludgeoner (Minotaur Berserker)      Turns: 10778, Time: 00:42:07

Health: 0/100      AC:  9    Str: 29    XL:     11   Next: 38%
Magic:  10/10      EV: 12    Int: 10    God:    Trog [*****.]
Gold:   301        SH:  0    Dex: 11    Spells: 10/10 levels left

rFire    + . .     SeeInvis .   z - +8 great mace of Duscheomn {drain, Int+6}
rCold    . . .     Gourm    .   (shield currently unavailable)
rNeg     . . .     Faith    .   K - +1 ring mail of Cloud Cover {rPois Str+5}
rPois    +         Spirit   .   (helmet restricted)
rElec    .         Reflect  .   (no cloak)
rCorr    .         Harm     .   (no gloves)
MR       .....                  m - +0 pair of boots
Stlth    +.........             (no amulet)
Regen    0.3/turn               f - ring of fire
MPRegen  0.2/turn               o - ring of protection from cold

@: drained
A: retaliatory headbutt, horns 2, subdued magic 1
a: Berserk, Trog's Hand, Brothers in Arms, Burn Spellbooks, Renounce Religion


You were on level 11 of the Dungeon.
You worshipped Trog.
Trog was extremely pleased with you.
You were not hungry.

You visited 1 branch of the dungeon, and saw 10 of its levels.
You also visited: Sewer and Ossuary.

You collected 349 gold pieces.
You spent 48 gold pieces at shops.

Inventory:

Hand Weapons
 v - a +4 dire flail of protection
 z - the +8 great mace of Duscheomn (weapon) {drain, Int+6}
   (Trog gifted it to you on level 8 of the Dungeon)

   A truly terrible weapon, it drains the life of those it strikes.
   It affects your intelligence (+6).
 R - a +1 antimagic great mace
Armour
 d - a +1 plate armour
 m - a +0 pair of boots (worn)
 K - the +1 ring mail of Cloud Cover (worn) {rPois Str+5}
   (You found it on level 8 of the Dungeon)

   It affects your strength (+5).
   It protects you from poison.
Jewellery
 f - a ring of fire (left hand)
 h - an uncursed ring of fire
 o - a ring of protection from cold (right hand)
 C - a +2 ring of intelligence
Wands
 a - a wand of paralysis (10/24)
 y - a wand of confusion (23/48)
 L - a wand of iceblast (7/15)
 N - a wand of disintegration (20/24)
 O - a wand of polymorph (9/24)
Scrolls
 c - 3 scrolls of recharging {unknown}
 g - 8 scrolls of teleportation
 j - 2 scrolls of fear
 l - 4 scrolls of remove curse
 p - a scroll of blinking {unknown}
 A - a scroll of enchant armour
 E - a scroll of immolation {unknown}
 F - a scroll of fog {unknown}
 I - a scroll of vulnerability {unknown}
 J - 2 scrolls of identify
 Q - 2 scrolls of random uselessness {unknown}
Potions
 e - 2 potions of ambrosia
 i - 5 potions of flight
 n - a potion of berserk rage {unknown}
 q - 8 potions of brilliance {unknown}
 r - 3 potions of degeneration {unknown}
 s - a potion of mutation {unknown}
 t - 5 potions of curing
 u - 3 potions of agility {unknown}
 w - 3 potions of cancellation {unknown}
 x - a potion of lignification {unknown}
 G - 2 potions of might
 H - a potion of haste {unknown}
Comestibles
 b - 2 chunks of flesh
 B - 6 royal jellies
 D - 3 fruits
 M - 4 meat rations
 P - 3 bread rations


   Skills:
 + Level 10.2(9.7) Fighting
 + Level 15.6(15.1) Maces & Flails
 + Level 10.1(9.7) Armour
 + Level 3.7(3.3) Dodging
 + Level 1.5(1.2) Stealth


You had 10 spell levels left.
You didn't know any spells.

Dungeon Overview and Level Annotations

Branches:
Dungeon (9/15)             Temple (0/1) D:6            Lair (0/6) D:9
    Orc: D:9-12

Altars:
Fedhas
Okawaru
Qazlal
Trog
Uskayaw
Yredelemnul

Shops:
D:4 [!}:*   D:5 *   D:6 }   D:8 [

Portals:
Ice
Cave: D:11


Innate Abilities, Weirdness & Mutations

You reflexively headbutt those who attack you in melee.
You have a pair of horns on your head.
Your spells are a little easier to cast, but a little less powerful.


Message History

The yak closely misses you. x2; You furiously retaliate!
You headbutt the yak! You barely miss the yak.
You headbutt the yak, but do no damage.
The yak is severely wounded.
The yak completely misses you. You furiously retaliate!
You headbutt the yak. The yak gores you!
* * * LOW HITPOINT WARNING * * *
The yak snorts and paws the ground.
You hit the yak.
You kill the yak!
Trog accepts your kill.
You bludgeon the wight!!
You destroy the wight!
Trog accepts your kill. The yak gores you.
* * * LOW HITPOINT WARNING * * *
The yak gores you!
* * * LOW HITPOINT WARNING * * *
The yak misses you. The yak barely misses you. The yak gores you.
You die...

.<......Y)....(..+..
####....######...##.
#..).....##...##.
#........##...#..
#........##..†#..
#####.......##......
.................#.$
###.........#.......
#@Y.......#.......
#YY.......#.......
#..$...####....$..
#......# ######..
######## .. .. .


You could see 3 yaks.

Vanquished Creatures
  3 two-headed ogres
  Pikel (D:6)
  2 manticores (D:11)
  An ugly thing (D:6)
  2 trolls (D:8)
  Grinder (D:5)
  Prince Ribbit (D:7)
  3 yaks (D:11)
  A human (D:8)
  4 hogs (D:8)
  A hungry ghost (D:9)
  Menkaure (D:5)
  Edmund (D:4)
  A water moccasin (D:8)
  Duvessa (D:5)
  2 ice beasts
  A sky beast (D:5)
  3 orc warriors
  2 slaves (D:6)
  A necrophage (D:5)
  An ogre (D:6)
  4 phantoms
  2 centaurs (D:8)
  6 big kobolds
  2 bullfrogs (D:6)
  Dowan (D:5)
  11 scorpions
  A water moccasin skeleton (D:4)
  A wyvern skeleton (D:6)
  3 killer bees (D:8)
  5 wights (D:11)
  3 howler monkeys (D:8)
  3 crimson imps
  3 centaur zombies (Ossuary)
  2 human zombies (Ossuary)
  7 orc wizards
  3 hounds
  2 jellies
  3 bullfrog skeletons
  5 orc priests
  2 iguanas
  7 worker ants
  A killer bee zombie (D:8)
  4 big kobold zombies (Ossuary)
  A hound skeleton (D:7)
  3 mummies (Ossuary)
  A howler monkey zombie (D:7)
  3 worker ant zombies
  8 adders
  3 scorpion zombies (Ossuary)
  13 river rats
  3 shadow imps
  2 oozes
  5 adder zombies
  6 worms
  6 leopard geckos
  35 orcs
  5 ball pythons
  6 giant cockroaches
  2 gnoll zombies (Ossuary)
  9 hobgoblins
  17 jackals
  28 kobolds
  3 quokkas
  11 bats
  4 frilled lizards
  6 goblins
  6 hobgoblin zombies (Ossuary)
  2 kobold zombies (Ossuary)
  2 leopard gecko skeletons
  2 orc zombies (Ossuary)
  A quokka zombie (D:5)
  18 rats
326 creatures vanquished.

Vanquished Creatures (others)
  A howler monkey (D:6)
  A worker ant (D:6)
  A giant cockroach (D:6)
  A quokka (D:6)
4 creatures vanquished.

Grand Total: 330 creatures vanquished

Notes
Turn   | Place    | Note
-------+----------+-------------------------------------------
     0 | D:1      | Pixllover the Minotaur Berserker began the quest for the Orb.
     0 | D:1      | Reached XP level 1. HP: 19/19 MP: 0/0
   326 | D:1      | Reached XP level 2. HP: 27/27 MP: 1/1
   460 | D:1      | Reached skill level 4 in Maces & Flails
   713 | D:1      | You fall through a shaft!
   754 | D:2      | Reached XP level 3. HP: 25/33 MP: 2/2
   762 | D:2      | Reached ** piety under Trog
  1293 | D:2      | Reached XP level 4. HP: 41/41 MP: 3/3
  2019 | D:3      | Reached skill level 5 in Maces & Flails
  2303 | D:3      | Reached *** piety under Trog
  2307 | D:3      | Reached XP level 5. HP: 46/47 MP: 4/4
  2314 | D:3      | Found a glowing drain.
  2319 | Sewer    | Entered a sewer
  2624 | Sewer    | Received a gift from Trog
  2628 | Sewer    | Reached XP level 6. HP: 27/55 MP: 5/5
  2635 | Sewer    | Reached skill level 5 in Fighting
  2635 | Sewer    | Reached skill level 6 in Maces & Flails
  2921 | Sewer    | Reached skill level 5 in Armour
  3252 | Sewer    | Reached XP level 7. HP: 57/61 MP: 6/6
  3259 | Sewer    | Reached skill level 7 in Maces & Flails
  3908 | D:4      | Found Puides's Book Emporium.
  3928 | D:4      | Reached **** piety under Trog
  3985 | D:4      | Noticed Edmund
  4023 | D:4      | Killed Edmund
  4031 | D:4      | Reached skill level 8 in Maces & Flails
  4031 | D:4      | Reached XP level 8. HP: 36/70 MP: 7/7
  4476 | D:4      | Reached skill level 9 in Maces & Flails
  4491 | D:4      | Found Atearuom's Distillery.
  4496 | D:4      | Found a basalt altar of Yredelemnul.
  4533 | D:4      | Found Hutifir's Gadget Boutique.
  4537 | D:4      | Found Qiphoas's General Store.
  4544 | D:4      | Bought a scroll of noise for 12 gold pieces
  4544 | D:4      | Bought a scroll of remove curse for 36 gold pieces
  4652 | D:4      | Found a stormy altar of Qazlal.
  4722 | D:4      | Found Bifyer's Armour Emporium.
  4938 | D:4      | You fall through a shaft!
  4938 | D:5      | Entered Level 5 of the Dungeon
  4992 | D:5      | Found Kubithoy's General Store.
  5003 | D:5      | Noticed Menkaure
  5012 | D:5      | Killed Menkaure
  5532 | D:5      | Noticed Dowan
  5533 | D:5      | Noticed Duvessa
  5542 | D:5      | Killed Duvessa
  5550 | D:5      | Killed Dowan
  5561 | D:5      | Reached skill level 10 in Maces & Flails
  5839 | D:5      | Found an iron altar of Okawaru.
  5853 | D:5      | Noticed Grinder
  5865 | D:5      | Paralysed by Grinder for 2 turns
  5870 | D:5      | Killed Grinder
  5870 | D:5      | Reached XP level 9. HP: 76/79 MP: 8/8
  6175 | D:6      | Found Ytewoac's Gadget Shoppe.
  6343 | D:6      | Noticed Pikel
  6361 | D:6      | Killed Pikel
  6361 | D:6      | Reached skill level 11 in Maces & Flails
  6361 | D:6      | Reached skill level 1 in Stealth
  6527 | D:6      | Noticed a brown ugly thing
  6541 | D:6      | Killed a brown ugly thing
  6547 | D:6      | Gained mutation: Your spells are a little easier to cast, but a little less powerful. [mutagenic meat]
  6607 | D:6      | Identified Ethez's Guide on Earth
  6647 | D:6      | Received a gift from Trog
  6795 | D:6      | Found a staircase to the Ecumenical Temple.
  6797 | D:6      | Reached skill level 12 in Maces & Flails
  7474 | D:7      | Found a basalt altar of Yredelemnul.
  7703 | D:7      | Found a blossoming altar of Fedhas.
  7971 | D:7      | Found a bloodstained altar of Trog.
  7980 | D:7      | Found a hide-covered altar of Uskayaw.
  8013 | D:7      | Noticed Prince Ribbit
  8020 | D:7      | Killed Prince Ribbit
  8020 | D:7      | Reached ***** piety under Trog
  8020 | D:7      | Reached XP level 10. HP: 61/88 MP: 9/9
  8051 | D:8      | Found Zeiry's Antique Armour Shoppe.
  8120 | D:8      | Received a gift from Trog
  8134 | D:8      | Got a faintly glowing great mace {god gift}
  8136 | D:8      | Identified the +8 great mace of Duscheomn {drain, Int+6} (Trog gifted it to you on level 8 of the Dungeon)
  8218 | D:8      | Found a sand-covered staircase.
  8228 | Ossuary  | Entered an ossuary
  8359 | Ossuary  | Reached skill level 13 in Maces & Flails
  8740 | D:8      | Got a warped ring mail
  8741 | D:8      | Identified the +1 ring mail of Cloud Cover {rPois Str+5} (You found it on level 8 of the Dungeon)
  9099 | D:8      | Noticed a two-headed ogre
  9111 | D:8      | Killed a two-headed ogre
  9111 | D:8      | Reached skill level 14 in Maces & Flails
  9388 | D:8      | Noticed a two-headed ogre
  9394 | D:8      | Killed a two-headed ogre
  9394 | D:8      | Reached skill level 10 in Armour
  9843 | D:8      | Reached XP level 11. HP: 54/99 MP: 10/10
 10264 | D:9      | Received a gift from Trog
 10367 | D:9      | Found a staircase to the Lair.
 10477 | D:9      | You fall through a shaft for 2 floors!
 10477 | D:11     | Noticed a two-headed ogre
 10503 | D:11     | Killed a two-headed ogre
 10503 | D:11     | Reached skill level 10 in Fighting
 10503 | D:11     | Reached skill level 15 in Maces & Flails
 10544 | D:11     | Found a frozen archway.
 10776 | D:11     | HP: 5/100 [yak (10)]
 10778 | D:11     | Slain by a yak

Skill      XL: |  1  2  3  4  5  6  7  8  9 10 11 |
---------------+----------------------------------+-----
Fighting       | 4 5 6 7 8 9 10 | 10.2
Maces & Flails | 4 5 6 8 10 12 14 15 | 15.6
Armour         | 3 4 5 6 8 9 10 | 10.1
Stealth        | 1 |  1.5
Dodging        | 3 |  3.7

Action                   |  1- 3 |  4- 6 |  7- 9 | 10-12 || total
-------------------------+-------+-------+-------+-------++-------
Melee: Mace              |    96 |   171 |    69 |       ||   336
       Headbutt          |    15 |    25 |    56 |    46 ||   142
       Dire flail        |       |       |   238 |    20 ||   258
       Great mace        |       |       |       |   222 ||   222
Invok: Berserk           |       |     1 |     1 |       ||     2
       Burn Spellbooks   |       |       |       |     2 ||     2
  Use: Scroll            |     4 |     1 |     3 |     2 ||    10
       Potion            |       |     3 |     2 |     5 ||    10
  Eat: Chunk             |     1 |     3 |     8 |     7 ||    19
       Meat ration       |       |     1 |       |       ||     1
       Bread ration      |       |     1 |     1 |     1 ||     3
Armor: Plate armour      |    83 |   148 |   146 |    51 ||   428
       Ring mail         |       |       |       |    46 ||    46
Dodge: Dodged            |    42 |   111 |    97 |   104 ||   354
